 Dungeon Crawl Stone Soup version 0.15.2 (webtiles) character file.

65 HopeRidesAlone the Insei (level 3, -3/29 HPs)
             Began as a Mummy Monk on Oct 24, 2015.
             Killed from afar by Jessica (8 damage)
             ... with a wand of magic darts
             ... on Level 2 of the Dungeon.
             The game lasted 00:02:08 (2003 turns).

HopeRidesAlone the Insei (Mummy Monk)               Turns: 2003, Time: 00:02:08

HP  -3/29        AC  0     Str 15      XL: 3   Next: 94%
MP   3/3         EV 13     Int  9      God:
Gold 13          SH  0     Dex 15      Spells:  0 memorised,  2 levels left

rFire  x . .     SeeInvis .       - Unarmed
rCold  + . .     Clarity  .     (no armour)
rNeg   + + +     rCorr    .     (no shield)
rPois  +         rRot     +     (no helmet)
rElec  .         Spirit   .     (no cloak)
SustAb .         Warding  .     (no gloves)
rMut   .         Stasis   .     (no boots)
Gourm  .                        (no amulet)
MR     .....                    c - +1 ring of strength
                                (no ring)

@: not resistant to hostile enchantments, unstealthy
A: no food or potions, fire vulnerability, restore body, cold resistance 1,
negative energy resistance 3, poison resistance, torment resistance, unbreathing
a: no special abilities


You were on level 2 of the Dungeon.
You were not hungry.

You visited 1 branch of the dungeon, and saw 2 of its levels.

You collected 13 gold pieces.


Innate Abilities, Weirdness & Mutations

You do not eat or drink.
Your flesh is vulnerable to fire.
Your flesh is cold resistant.
You are immune to negative energy.
Your system is resistant to poisons.
You are immune to unholy pain and torment.
You can survive without breathing.


   Skills:
 - Level 3.0 Fighting
 - Level 2.4 Dodging
 - Level 1.5 Stealth
 + Level 4.6 Unarmed Combat


You had 2 spell levels left.
You didn't know any spells.

Inventory:

Armour
 a - a +0 robe
Scrolls
 b - 4 scrolls of remove curse {unknown}
 d - 2 scrolls of identify {unknown}
 e - a scroll of enchant weapon {unknown}
 f - a scroll of enchant armour {unknown}
 g - a scroll of teleportation {unknown}
 h - a scroll of amnesia {unknown}
Jewellery
 c - a +1 ring of strength (right hand)

Dungeon Overview and Level Annotations

Branches:
Dungeon (2/15)

Altars:

Annotations:
D:2 Jessica

..........###.###########
........(................
#.).....@..#.#%#######.###
#..........#.#....# #.#..
.!.........#.#..#.# #.#.#
.........@#.####.# #.#
.########.#......# #.#
###########.###########.#
...?.....%M.............#
###########.##########..#
# #.# #..#.# #.#
########..#.# #..
..........#.# ###
#########...# #<#...<..#
#######%#.##...#
#.........)....#


You could see Jessica.


Message History

Jessica mumbles some strange words.
Jessica blinks!
You punch the giant newt!
You kill the giant newt!
You see here a giant newt corpse.
Jessica zaps a wand.
The magic dart hits you!
* * * LOW HITPOINT WARNING * * *
You see here a giant newt corpse.
You see here a giant newt corpse.
Jessica barely misses you.
Jessica points at you and mumbles some strange words.
You are unaffected.
You are too injured to fight recklessly!
You are too injured to fight recklessly!
You are too injured to fight recklessly!
You hit Jessica.
Jessica is heavily wounded.
Jessica gestures at you while chanting.
You barely resist. You closely miss Jessica.
Jessica is heavily wounded.
Jessica casts a spell at you.
You barely resist. You completely miss Jessica.
Jessica is heavily wounded.
Jessica casts a spell.
Jessica blinks!
You see here a giant newt corpse.
Jessica zaps a wand.
The magic dart hits you!
You die...

Action                   || total
-------------------------++-------
Melee: Unarmed           ||   147
 Stab: Sleeping          ||     1

Vault maps used:
D:1:      wheals_arrival_shading, hangedman_decor_opposing
D:2:      lemuel_doored_altar, uniq_jessica

Notes
Turn   | Place    | Note
--------------------------------------------------------------
     0 | D:1      | HopeRidesAlone, the Mummy Monk, began the quest for the Orb.
     0 | D:1      | Reached XP level 1. HP: 18/18 MP: 1/1
   584 | D:1      | Reached XP level 2. HP: 21/24 MP: 2/2
  1025 | D:1      | Reached skill level 4 in Unarmed Combat
  1136 | D:1      | Reached XP level 3. HP: 25/29 MP: 3/3
  1980 | D:2      | Noticed Jessica
  2003 | D:2      | Killed from afar by Jessica

Vanquished Creatures
  A giant mite (D:2)
  2 adders
  A worm (D:2)
  An ooze (D:1)
  4 bats (D:1)
  4 giant cockroaches
  3 goblins (D:1)
  4 hobgoblins (D:1)
  4 jackals
  A giant gecko (D:1)
  A giant newt (D:2)
  4 kobolds
  3 rats (D:1)
33 creatures vanquished.
